 Dungeon Crawl Stone Soup version 0.17.1-3-g152610e (webtiles) character file.

240 angel3174 the Insei (level 5, -1/41 HPs)
             Began as a Vampire Monk on Mar 12, 2016.
             Was a Believer of Dithmenos.
             Slain by a worm (8 damage)
             ... in a sewer.
             The game lasted 01:08:18 (4867 turns).

angel3174 the Insei (Vampire Monk)                  Turns: 4867, Time: 01:08:18

Health: -1/41      AC:  6    Str: 11    XL:     5   Next: 80%
Magic:  0/5        EV: 16    Int: 12    God:    Dithmenos [**....]
Gold:   322        SH:  0    Dex: 17    Spells: 0 memorised, 4 levels left

rFire  x . .     SeeInvis +     l - -2 short sword (curse)
rCold  + . .     Clarity  .     b - +0 ring mail
rNeg   + . .     SustAt   .     (no shield)
rPois  .         Gourm    .     (no helmet)
rElec  .         Spirit   +     I - +0 cloak
rCorr  .         Warding  .     (no gloves)
rMut   .         Stasis   .     (no boots)
MR     .....                    j - amulet of guardian spirit
Stlth  +++.......               L - ring of ice
                                y - +3 ring of evasion

@: wreathed by umbra, not resistant to hostile enchantments, fairly stealthy
A: fangs 3, see invisible, unbreathing
a: Bat Form, Shadow Step, Renounce Religion


You were in a sewer.
You worshipped Dithmenos.
Dithmenos was pleased with you.
You were not thirsty.

You visited 2 branches of the dungeon, and saw 7 of its levels.
You also visited: Sewer.

You collected 322 gold pieces.

Inventory:

Hand Weapons
 c - a +0 blowgun
 d - a +0 flail
 k - a +0 hunting sling
 l - a cursed -2 short sword (weapon)
 q - a cursed -1 club
 r - a +0 whip
 F - a +0 dagger
Missiles
 f - 98 stones
 g - 21 poisoned needles (quivered)
 t - 24 bolts
 G - 9 sling bullets
Armour
 a - a +0 robe
 b - a +0 ring mail (worn)
 p - a +0 scale mail
 v - a +0 leather armour
 C - a +0 ring mail
 I - a +0 cloak (worn)
Jewellery
 j - an amulet of guardian spirit (around neck)
 y - a +3 ring of evasion (left hand)
 L - a ring of ice (right hand)
Scrolls
 h - a scroll of recharging
 s - a scroll of immolation {unknown}
 A - 6 scrolls of identify {unknown}
 B - 2 scrolls of remove curse {unknown}
 H - a scroll of noise {unknown}
 K - 4 scrolls of teleportation
 M - a scroll of blinking {unknown}
 N - a scroll of random uselessness {unknown}
 O - a scroll of vulnerability {unknown}
Potions
 e - 3 potions of lignification {unknown}
 n - a potion of haste
 u - 3 potions of flight
 w - a potion of heal wounds {unknown}
 z - 3 potions of berserk rage {unknown}
 D - a potion of invisibility {unknown}
 E - a potion of magic {unknown}
 J - a potion of mutation {unknown}
 P - a potion of poison {unknown}
Comestibles
 i - 2 royal jellies
 m - 2 fruits
 o - 3 beef jerkies
 x - 4 meat rations


   Skills:
 + Level 3.3 Fighting
 + Level 0.2 Short Blades
 + Level 0.1 Slings
 + Level 1.5 Armour
 + Level 5.0 Dodging
 * Level 3.7 Stealth
 + Level 5.4 Unarmed Combat


You had 4 spell levels left.
You didn't know any spells.

Dungeon Overview and Level Annotations

Branches:
Dungeon (6/15)             Temple (1/1) D:4

Altars:
Ashenzari
Dithmenos
Elyvilon
Kikubaaqudgha
Makhleb
Nemelex Xobeh
Sif Muna
Vehumet
Zin


Innate Abilities, Weirdness & Mutations

You have razor-sharp teeth.
You have supernaturally acute eyesight.
You can survive without breathing.


Message History

The worm is moderately wounded.
The worm completely misses you.
You hit the worm but do no damage.
The worm is lightly wounded.
You barely miss the worm. You bite the worm.
The worm is heavily wounded.
The worm completely misses you.
You hit the worm.
The worm is heavily wounded.
The worm misses you.
You hit the worm but do no damage.
The worm is heavily wounded.
You hit the worm but do no damage.
The worm is heavily wounded.
The worm closely misses you.
Your ring mail prevents you from hitting the worm.
Your bite misses the worm.
The worm is heavily wounded.
The worm bites you!
You die...

#≈≈≈# ##.# #.≈ #≈≈≈#
### ##.
#≈≈≈###############.
#≈≈≈≈≈≈≈≈≈≈≈.≈≈≈≈.≈≈
#≈≈≈≈≈≈≈≈≈≈≈≈≈≈≈≈≈≈≈
#≈≈≈≈≈≈≈≈≈≈≈≈≈≈≈≈.≈≈
#.≈≈####≈≈####≈≈≈###
#≈≈w# #≈≈# #≈≈≈# #
#≈≈@# #≈≈# #≈≈≈# #
#.≈≈####..# ##≈≈.# #
#≈≈.##.#..#J##≈≈≈# #
#.≈≈##.+..+J##.≈≈# #
#.≈≈##.+..+J##.≈≈# #
#≈≈≈##.#..#J##≈≈.# #
#≈≈≈####..####≈≈≈# #
#≈≈≈# #..# #≈≈≈# #
#≈≈≈## #..####≈≈≈# #


You could see a worm.

Vanquished Creatures
  Natasha (twice) (D:2)
  An iguana (D:4)
  A worker ant zombie (D:5)
  A gnoll (D:1)
  5 adders
  6 worms
  An adder skeleton (D:4)
  5 giant geckos
  5 orcs (D:3)
  3 ball pythons
  12 bats
  2 bat skeletons (D:2)
  6 hobgoblins
  15 jackals
  3 quokkas
  A ball python skeleton (D:2)
  A ball python zombie (D:5)
  4 giant cockroaches
  9 giant newts
  5 goblins
  3 kobolds
  A quokka zombie (D:2)
  6 rats
  A plant (D:2)
99 creatures vanquished.

Notes
Turn   | Place    | Note
--------------------------------------------------------------
     0 | D:1      | angel3174 the Vampire Monk began the quest for the Orb.
     0 | D:1      | Reached XP level 1. HP: 17/17 MP: 1/1
    43 | D:1      | Reached XP level 2. HP: 8/23 MP: 2/2
   637 | D:2      | Reached skill level 5 in Unarmed Combat
   774 | D:2      | Noticed Natasha
   789 | D:2      | Killed Natasha
   789 | D:2      | Reached XP level 3. HP: 21/28 MP: 1/3
   816 | D:2      | Noticed Natasha
   826 | D:2      | Killed Natasha
  1049 | D:2      | Reached XP level 4. HP: 30/35 MP: 2/4
  1359 | D:2      | Found a deep blue altar of Sif Muna.
  2077 | D:3      | Reached skill level 1 in Armour
  2310 | D:3      | Reached XP level 5. HP: 28/41 MP: 2/5
  2444 | D:4      | Found a shadowy altar of Dithmenos.
  2466 | D:4      | Became a worshipper of Dithmenos the Shadowed
  2466 | D:4      | Reached * piety under Dithmenos
  2466 | D:4      | Reached ** piety under Dithmenos
  2475 | D:4      | Found a radiant altar of Vehumet.
  2548 | D:4      | Found a staircase to the Ecumenical Temple.
  2605 | Temple   | Entered the Ecumenical Temple
  2880 | D:5      | Entered Level 5 of the Dungeon
  3133 | D:6      | Found a glowing drain.
  3142 | Sewer    | Entered a sewer
  4780 | Sewer    | Reached skill level 5 in Dodging
  4867 | Sewer    | Slain by a worm

Action                   |  1- 3 |  4- 6 || total
-------------------------+-------+-------++-------
Melee: Unarmed           |   127 |    45 ||   172
       Short sword       |       |   507 ||   507
 Fire: Hunting sling     |     2 |       ||     2
Throw: Stone             |     8 |    18 ||    26
 Abil: End Transformatio |       |     1 ||     1
       Bat Form          |       |     1 ||     1
  Use: Potion            |     3 |     2 ||     5
       Scroll            |       |     2 ||     2
 Stab: Sleeping          |     3 |     4 ||     7
  Eat: Corpse            |     9 |    14 ||    23
